 Dungeon Crawl Stone Soup version 0.28.0-43-g3370ac3207 (webtiles) character file.

Game seed: 4369721156261994611

186 pkoi the Stinger (level 5, -6/38 HPs)
             Began as a Demigod Venom Mage on Mar 23, 2022.
             Killed from afar by Sigmund (9 damage)
             ... with a magic dart
             ... on level 3 of the Dungeon.
             The game lasted 00:04:13 (3832 turns).

pkoi the Stinger (Demigod Venom Mage)               Turns: 3832, Time: 00:04:13

Health: -6/38      AC:  4    Str:  9    XL:     5   Next: 15%
Magic:  11/12      EV: 12    Int: 21    God:
Gold:   113        SH:  0    Dex: 14    Spells: 1/9 levels left

rFire   . . .      SeeInvis .   q - +1 dagger (vamp)
rCold   . . .      Faith    .   (no shield)
rNeg    . . .      Spirit   .   a - +0 robe
rPois   .          Reflect  .   (no helmet)
rElec   .          Harm     .   (no cloak)
rCorr   .          Rampage  .   c - +1 pair of gloves
Will    .....                   (no boots)
Stlth   ++........              (no amulet)
HPRegen 0.12/turn               (no ring)
MPRegen 0.13/turn               (no ring)

@: no status effects
A: high MP 1, forlorn, divine attributes
a: no special abilities


You were on level 3 of the Dungeon.
You visited 1 branch of the dungeon, and saw 3 of its levels.

You collected 113 gold pieces.

Inventory:

Hand Weapons
 j - a +0 falchion
 q - a +1 vampiric dagger (weapon)
Armour
 a - a +0 robe (worn)
 c - a +1 pair of gloves (worn)
Jewellery
 n - a +6 ring of dexterity
Wands
 s - a wand of digging (3)
Scrolls
 d - a scroll of summoning {unknown}
 e - a scroll of enchant armour {unknown}
 g - a scroll of teleportation {unknown}
 h - a scroll of fog {unknown}
 k - 4 scrolls of magic mapping {unknown}
 l - a scroll of identify {unknown}
 m - a scroll of amnesia {unknown}
 p - a scroll of silence {unknown}
Potions
 b - a potion of mutation {unknown}
 f - a potion of curing {unknown}
 i - a potion of lignification {unknown}
 o - a potion of might {unknown}
 r - a potion of heal wounds {unknown}
 t - a potion of flight {unknown}


   Skills:
 + Level 0.0 Fighting
 + Level 1.7 Dodging
 - Level 1.7 Stealth
 + Level 1.5 Unarmed Combat
 + Level 2.9 Spellcasting
 + Level 2.5 Transmutations
 + Level 3.7 Poison Magic


You had one spell level left.
You knew the following spells:

 Your Spells              Type           Power      Damage    Failure   Level
a - Sting                 Tmut/Pois      64%        1d6       3%          1
b - Apportation           Tloc           6%         N/A       14%         1
c - Poisonous Vapours     Pois/Air       20%        N/A       10%         2
d - Olgreb's Toxic Radia  Pois           18%        N/A       28%         4

Your spell library contained the following spells:

 Spells                   Type           Power      Damage    Failure   Level
 Beastly Appendage        Tmut           26%        N/A       4%          1
 Animate Skeleton         Necr           6%         N/A       14%         1
 Pain                     Necr           12%        1d4       14%         1
 Summon Small Mammal      Summ           12%        N/A       14%         1
 Wereblood                Tmut           13%        N/A       7%          2
 Spider Form              Tmut/Pois      16%        N/A       11%         3
 Mephitic Cloud           Conj/Pois/Air  8%         N/A       24%         3
 Portal Projectile        Hex/Tloc       6%         N/A       38%         3
 Blade Hands              Tmut           6%         N/A       78%         5
 Agony                    Necr           3%         N/A       98%         5
 Excruciating Wounds      Necr           1%         N/A       98%         5


Dungeon Overview and Level Annotations

Branches:
Dungeon (3/15)

Annotations:
D:3 Sigmund


Innate Abilities, Weirdness & Mutations

You have an increased reservoir of magic. (+10% MP)
You shall have no god before yourself.
Your divine heritage dramatically boosts your attributes as you level up.


Message History

Memorise Olgreb's Toxic Radiance, consuming 4 spell levels and leaving 1?
You start memorising the spell.
You continue memorising. x4
You finish memorising.
Spell assigned to 'd'.
Things that are here:
a +0 dagger; a +0 leather armour; an orc skeleton
Things that are here:
a +0 ring mail; a +0 whip Sigmund is nearby!
The sting hits Sigmund but does no damage.
Sigmund is poisoned.
The sting hits Sigmund.
Sigmund looks even sicker.
Sigmund is moderately wounded.
Sigmund hits you from afar with a +0 scythe.
The sting hits Sigmund.
Sigmund looks even sicker.
Sigmund is heavily wounded.
Sigmund gestures at you while chanting.
You are confused.
You're too confused to cast spells.
You're too confused to cast spells.
You bump into the rock wall.
Sigmund hits you from afar with a +0 scythe!
* * * LOW HITPOINT WARNING * * *
Sigmund hits you from afar with a +0 scythe!
* * * LOW HITPOINT WARNING * * *
You bump into the rock wall.
Sigmund barely misses you.
Sigmund mumbles some strange words.
Sigmund flickers and vanishes!
Deactivating autopickup; reactivate with Ctrl-A.
You bump into the rock wall.
You feel less confused. Something hits you!
* * * LOW HITPOINT WARNING * * *
A puff of flame appears from out of thin air!
The puff of flame misses you.
A magic dart appears from out of thin air!
The magic dart hits you!
* * * LOW HITPOINT WARNING * * *
A magic dart appears from out of thin air!
The magic dart hits you!
You die...

...........###..... ####
#.........####..#. ...#
###..........####..# #..##
##................#.#
#..#####....#......####....#
###...#......#......# ##....
##.........###..##.### #....
#.......{......##..# ###....
#.....####.#####@....######...#..
...........##..........(.........
..................###.......#####
...........##...#####.>..##......
...........##.#.###....#..#######
........)..##.#.....##.##..#
................######.###.###
.............# #........#
.............## #........# #


There were no monsters in sight!

Vanquished Creatures
  An orc priest (D:3)
  Terence (D:2)
  Natasha (thrice) (D:2)
  An adder (D:2)
  A worm (D:3)
  A dart slug (D:2)
  3 orcs
  6 endoplasms
  A giant cockroach (D:1)
  2 goblins
  4 hobgoblins
  3 jackals (D:2)
  2 quokkas (D:2)
  5 ball pythons
  4 bats
  4 frilled lizards
  3 rats (D:3)
45 creatures vanquished.

Notes
Turn   | Place    | Note
-------+----------+-------------------------------------------
     0 | D:1      | pkoi the Demigod Venom Mage began the quest for the Orb.
     0 | D:1      | Reached XP level 1. HP: 14/14 MP: 5/5
    54 | D:1      | Reached skill level 1 in Transmutations
   911 | D:1      | Reached XP level 2. HP: 20/20 MP: 5/7
  1300 | D:2      | Reached skill level 3 in Poison Magic
  1378 | D:2      | Noticed Terence
  1389 | D:2      | Killed Terence
  1390 | D:2      | Reached XP level 3. HP: 17/26 MP: 6/9
  1639 | D:2      | Noticed Natasha
  1649 | D:2      | Killed Natasha
  1659 | D:2      | Noticed Natasha
  1667 | D:2      | Killed Natasha
  1668 | D:2      | Reached XP level 4. HP: 14/33 MP: 3/10
  1835 | D:2      | Reached skill level 1 in Unarmed Combat
  2391 | D:3      | Noticed Sigmund
  2610 | D:3      | Learned a level 1 spell: Apportation
  3016 | D:2      | Noticed Natasha
  3026 | D:2      | Killed Natasha
  3447 | D:3      | Reached XP level 5. HP: 21/38 MP: 2/12
  3765 | D:3      | Learned a level 2 spell: Poisonous Vapours
  3770 | D:3      | Learned a level 4 spell: Olgreb's Toxic Radiance
  3832 | D:3      | Killed from afar by Sigmund

Illustrated notes

Levels and vault maps discovered:
D:1:      eino_arrival_water_star, layout_loops_ring
D:2:      layout_basic, hellmonk_ecumenical_altar_run_dry, uniq_natasha,
          uniq_terence
D:3:      layout_rooms, uniq_sigmund, uniq_crazy_yiuf_cottage

Skill      XL: |  1  2  3  4 |
---------------+-------------+-----
Transmutations | 1 2 |  2.5
Spellcasting   | 2 |  2.9
Poison Magic   | 3 |  3.7
Unarmed Combat | 1 |  1.5
Dodging        | |  1.7
Stealth        | |  1.7

Action                   |  1- 3 |  4- 6 || total
-------------------------+-------+-------++-------
Melee: Unarmed           |     5 |       ||     5
       Falchion          |     2 |     7 ||     9
       Dagger            |       |    24 ||    24
       Punch             |       |     1 ||     1
 Cast: Sting             |    42 |    58 ||   100
Armor: Robe              |     6 |    16 ||    22
Dodge: Dodged            |    10 |    45 ||    55
